 Dungeon Crawl Stone Soup version 0.31-a0-408-gb642c7f9a3 (webtiles) character file.

Game seed: 3698719834691995260

156 floatRand the Ruffian (level 5, 0/40 HPs)
             Began as a Draconian Shapeshifter on July 29, 2023.
             Slain by an orc
             ... wielding a +0 whip
              (1 damage)
             ... on level 3 of the Dungeon.
             The game lasted 00:01:30 (1445 turns).

floatRand the Ruffian (Draconian Shapeshifter)      Turns: 1445, Time: 00:01:31

Health: 0/40       AC:  5    Str: 17    XL:     5   Next: 15%
Magic:  5/5        EV: 12    Int:  8    God:
Gold:   195        SH:  0    Dex: 14    Spells: 4/4 levels left

rFire   . .          .
                       - Unarmed
rCold   . . .        (no shield)
rNeg    . . .        (body armour unavailable)
rPois   .            (helmet currently unavailable)
rElec   .            (cloak currently unavailable)
rCorr   .            (gloves currently unavailable)
SInv    .            (boots currently unavailable)
Will    .....        (no amulet)
Stlth   +            (no ring)
HPRegen 0.26/turn    (no ring)
MPRegen 0.09/turn

%: no passive effects
@: beast-form
A: beast (slay +2), AC +5, unfitting armour, cold-blooded
a: Begin Untransformation


You were on level 3 of the Dungeon.
You were a hulking beast.
You visited 1 branch of the dungeon, and saw 3 of its levels.

You collected 195 gold pieces.

Inventory:

Talismans
 b - a beast talisman
Scrolls
 c - 2 scrolls of brand weapon {unknown}
 e - a scroll of amnesia {unknown}
 f - a scroll of fear {unknown}
 g - a scroll of teleportation {unknown}
 h - a scroll of poison {unknown}
Potions
 a - a potion of lignification
 d - 6 potions of curing
 i - a potion of invisibility


   Skills:
 - Level 1.1 Fighting
 - Level 1.7 Dodging
 * Level 5.1 Unarmed Combat
 + Level 3.8 Shapeshifting


You had 4 spell levels left.
You didn't know any spells.
Your spell library was empty.

Dungeon Overview and Level Annotations

Branches:
Dungeon (3/15)

Altars:


Innate Abilities, Weirdness & Mutations

You are a hulking beast.
Your limbs bulge with bestial killing power. (Slay +2)
Your plain brown scales are hard. (AC +5)
You cannot fit into any form of body armour.
You are cold-blooded and may be slowed by cold attacks.


Message History

You hit the orc priest but do no damage.
The orc priest is lightly wounded.
The orc hits you with a +0 whip.
The orc priest hits you but does no damage.
Unknown command.
You closely miss the orc priest. You tail-slap the orc priest.
The orc priest is moderately wounded.
You are too injured to fight recklessly!
Unknown command.
You hit the orc priest but do no damage.
The orc priest is moderately wounded.
The orc priest barely misses you. The orc closely misses you.
You hit the orc priest but do no damage.
The orc priest is moderately wounded.
The orc misses you. The orc priest hits you with a +0 whip.
You are too injured to fight recklessly!
Unknown command.
You are too injured to fight recklessly!
You closely miss the orc priest.
The orc priest is moderately wounded.
The orc priest hits you with a +0 whip. The orc completely misses you.
Unknown command.
You hit the orc priest.
The orc priest is heavily wounded.
The orc hits you but does no damage. The orc priest barely misses you.
You barely miss the orc priest.
The orc priest is heavily wounded.
The orc priest misses you. The orc barely misses you.
You hit the orc priest but do no damage.
The orc priest is heavily wounded.
The orc priest mumbles some strange prayers to Beogh against you.
Pain shoots through your body!
* * * LOW HITPOINT WARNING * * *
The orc hits you with a +0 whip.
* * * LOW HITPOINT WARNING * * *
You hit the orc priest but do no damage.
You tail-slap the orc priest, but do no damage.
The orc priest is heavily wounded.
The orc priest barely misses you. The orc hits you with a +0 whip.
You die...

## ... ## .... ~~
####.$.##
~~#~#~######.......#
.~.~~~~~.†ho.#
.....~....#o.#
......[......#
.#########.###
#########.######
#......#.......#######
.#.##........##.#.(...#
..........#..#.##.#.....#
..........#.............#


You could see an orc priest and an orc.

Vanquished Creatures
  3 gnolls (D:2)
  4 adders (D:2)
  A river rat (D:3)
  2 worms
  4 dart slugs (D:1)
  An orc (D:3)
  5 ball pythons
  6 bats
  7 endoplasms
  2 giant cockroaches
  5 goblins
  3 hobgoblins (D:1)
  8 jackals (D:1)
  3 quokkas
  5 frilled lizards
  A kobold (D:2)
  5 rats
65 creatures vanquished.

Notes
Turn   | Place    | Note
-------+----------+-------------------------------------------
     0 | D:1      | floatRand the Draconian Shapeshifter began the quest for
                  | the Orb.
     0 | D:1      | Reached XP level 1. HP: 16/16 MP: 1/1
    71 | D:1      | Reached XP level 2. HP: 23/23 MP: 2/2
   265 | D:1      | Reached XP level 3. HP: 28/28 MP: 3/3
   361 | D:1      | Reached skill level 4 in Unarmed Combat
   622 | D:2      | Reached XP level 4. HP: 21/35 MP: 4/4
  1001 | D:2      | Reached XP level 5. HP: 38/40 MP: 5/5
  1138 | D:2      | Reached skill level 5 in Unarmed Combat
  1444 | D:3      | HP: 1/40 [orc/+0 whip (2)]
  1445 | D:3      | Slain by an orc

Illustrated notes

Levels and vault maps discovered:
D:1:      saegor_arrival_under_anarchy, layout_rooms, nrook_mini_backslash
D:2:      layout_basic, hangedman_decor_riveting
D:3:      layout_loops_cross, lightli_sewer_entry_pipes, serial_shops, shop,
          moated_statue, nicolae_grassy_gnolls

Skill      XL: |  1  2  3  4  5 |
---------------+----------------+-----
Unarmed Combat | 4 5 |  5.1
Fighting       | |  1.1
Dodging        | |  1.7
Shapeshifting  | |  3.8

Action                     |  1- 3 |  4- 6 || total
---------------------------+-------+-------++-------
  Melee: Unarmed           |   100 |    72 ||   172
         Tailslap          |     6 |    10 ||    16
         Punch             |     1 |     6 ||     7
    Use: Scroll            |     1 |     1 ||     2
   Stab: Sleeping          |     2 |       ||     2
 Armour: Skin              |    32 |    16 ||    48
  Dodge: Dodged            |    89 |    47 ||   136

Table legend: (Time is in decaauts)
 A = Elapsed time spent in this place.
 B = Non-inter-level travel time spent in this place.
 C = Inter-level travel time spent in this place.
 D = Time resting spent in this place.
 E = Time spent auto-exploring this place.
 F = Levels seen in this place.
 G = Mean time per level.
                   A        B        C        D        E       F      G
               +--------+--------+--------+--------+--------+-----+--------+
         Total |   1435 |   1399 |     36 |    125 |    835 |   3 |  478.3 |
       Dungeon |   1435 |   1399 |     36 |    125 |    835 |   3 |  478.3 |
               +--------+--------+--------+--------+--------+-----+--------+

Top non-repeatable levels by time:
     D:2: 816 daAuts
     D:1: 534 daAuts
     D:3: 85 daAuts
